 Dungeon Crawl Stone Soup version 0.20.1-1-g8b1a95d (webtiles) character file.

344 JeffiDaFish the Cudgeler (level 6, -4/38 HPs)
             Began as a Gargoyle Monk on Dec 13, 2017.
             Slain by a gnoll
             ... wielding a +0 halberd
              (12 damage)
             ... on level 3 of the Dungeon.
             The game lasted 00:10:51 (2807 turns).

JeffiDaFish the Cudgeler (Gargoyle Monk)            Turns: 2807, Time: 00:10:51

Health: -4/38      AC:  9    Str: 14    XL:     6   Next: 58%
Magic:  6/6        EV: 13    Int: 11    God:
Gold:   164        SH:  0    Dex: 16    Spells: 5/5 levels left

rFire    . . .     SeeInvis .   f - +3 mace (holy)
rCold    . . .     Gourm    .   (no shield)
rNeg     + . .     Faith    .   e - +1 leather armour
rPois    ∞         Spirit   .   (no helmet)
rElec    +         Reflect  .   (no cloak)
rCorr    .         Harm     .   b - +0 pair of gloves
MR       +....                  (no boots)
Stlth    ++........             h - amulet of magic regeneration
Regen    0.2/turn               (no ring)
MPRegen  0.2/turn               (no ring)

@: no status effects
A: agile 1, blurry vision 1, magic resistance 1, negative energy resistance 1,
electricity resistance, unbreathing, petrification resistance, rot immunity,
subdued magic 1, AC +4
a: no special abilities


You were on level 3 of the Dungeon.
You were hungry.

You visited 1 branch of the dungeon, and saw 4 of its levels.

You collected 164 gold pieces.

Inventory:

Hand Weapons
 f - a +3 mace of holy wrath (weapon)
Armour
 b - a +0 pair of gloves (worn)
 e - a +1 leather armour (worn)
 l - a +0 scale mail
Jewellery
 h - an amulet of magic regeneration (around neck)
Scrolls
 d - a scroll of fog
 i - a scroll of remove curse
Potions
 g - 2 potions of magic
 n - a potion of resistance
Comestibles
 a - 8 chunks of flesh
 c - 6 bread rations
 k - a meat ration
 m - a royal jelly


   Skills:
 + Level 4.2 Fighting
 + Level 5.2 Maces & Flails
 + Level 2.2 Armour
 + Level 3.2 Dodging
 + Level 3.3 Stealth


You had 5 spell levels left.
You didn't know any spells.

Dungeon Overview and Level Annotations

Branches:
Dungeon (4/15)
 Temple: D:4-7

Altars:
Gozag
Nemelex Xobeh
Yredelemnul

Annotations:
D:4 Ijyb


Innate Abilities, Weirdness & Mutations

You are resistant to torment.
Your stone body is resilient. (AC +4)
You are immune to poison.
You resist negative energy. (rN+)
You are resistant to electric shocks. (rElec)
You can survive without breathing.
You are immune to petrification.
You are immune to rotting.
You are agile. (Dex +2)
Scrolls take you a little longer to read.
You are resistant to hostile enchantments. (MR+)
Your spells are a little easier to cast, but a little less powerful.


Message History

The gnoll closely misses you. The orc closely misses you.
You completely miss the orc.
The orc is moderately wounded.
The gnoll hits you from afar with a halberd!
The orc completely misses you.
You sock the orc!
You kill the orc!
The gnoll hits you but does no damage. The gnoll misses you.
The gnoll closely misses you.
Items here: $ )) †† a hand axe; 15 gold pieces; a dagger of flaming; an orc corpse; a kobold corpse You hit the gnoll.
The gnoll is moderately wounded.
The gnoll hits you with a halberd! The gnoll hits you but does no damage.
You closely miss the gnoll.
The gnoll is moderately wounded.
The gnoll hits you from afar with a spear.
* * * LOW HITPOINT WARNING * * *
The gnoll hits you with a halberd!
You die...

#.......## #.# #######..#
#.# .......#.###### #.#
######........###.#
####.###.....# #.#########
## #.....####
.###################........
...)..........gg@...........
####################........
#........ #........
#########


You could see 2 gnolls.

Vanquished Creatures
  An ogre (D:4)
  2 orc wizards (D:3)
  2 worker ants
  An iguana (D:3)
  A gnoll (D:3)
  2 worms
  2 dart slugs
  16 orcs
  4 giant cockroaches
  13 goblins
  11 hobgoblins
  4 jackals (D:3)
  2 quokkas
  A ball python (D:3)
  5 bats
  5 frilled lizards
  7 kobolds
  27 rats
106 creatures vanquished.

Notes
Turn   | Place    | Note
-------+----------+-------------------------------------------
     0 | D:1      | JeffiDaFish the Gargoyle Monk began the quest for the Orb.
     0 | D:1      | Reached XP level 1. HP: 14/14 MP: 1/1
   113 | D:1      | Reached XP level 2. HP: 18/19 MP: 2/2
   186 | D:1      | Gained mutation: Your spells are a little easier to cast, but a little less powerful. [potion of mutation]
   186 | D:1      | Gained mutation: You are resistant to hostile enchantments. (MR+) [potion of mutation]
   186 | D:1      | Gained mutation: Scrolls take you a little longer to read. [potion of mutation]
   186 | D:1      | Gained mutation: You are agile. (Dex +2) [potion of mutation]
   776 | D:1      | Reached XP level 3. HP: 23/23 MP: 3/3
   842 | D:2      | Reached skill level 1 in Armour
   912 | D:2      | Found a basalt altar of Yredelemnul.
  1333 | D:2      | Found a sparkling altar of Nemelex Xobeh.
  1339 | D:2      | Reached XP level 4. HP: 29/29 MP: 4/4
  1534 | D:3      | Reached skill level 4 in Maces & Flails
  1542 | D:3      | Found an opulent altar of Gozag.
  1761 | D:3      | Reached XP level 5. HP: 28/33 MP: 5/5
  1906 | D:4      | Noticed an ogre
  1965 | D:4      | Killed an ogre
  1965 | D:4      | Reached XP level 6. HP: 38/38 MP: 6/6
  1985 | D:4      | Reached skill level 5 in Maces & Flails
  2083 | D:4      | Noticed Ijyb
  2807 | D:3      | Slain by a gnoll

Skill      XL: |  1  2  3  4  5  6 |
---------------+-------------------+-----
Armour         | 1 2 |  2.2
Maces & Flails | 4 5 |  5.2
Fighting       | 4 |  4.2
Stealth        | 3 |  3.3
Dodging        | 3 |  3.2

Action                   |  1- 3 |  4- 6 || total
-------------------------+-------+-------++-------
Melee: Mace              |   114 |   197 ||   311
  Use: Scroll            |     9 |     3 ||    12
       Potion            |     6 |     6 ||    12
 Stab: Sleeping          |     6 |     1 ||     7
  Eat: Chunk             |     1 |     5 ||     6
Armor: Leather armour    |    39 |   101 ||   140
       Robe              |     2 |       ||     2
Dodge: Dodged            |    95 |   191 ||   286
